Map: Lerilak Crest

Players

IMBAPlayer

  • Race: Terran Terran
  • League: Platinum

Wellmet - Winner!

  • Race: Terran Terran
  • League: Gold

VOD

Have the link to the VOD?

Description

Time

  • Played on: Nov. 11, 2015, 2:33 a.m.
  • Length: 6:15
Show
View Real Time Build Order
Export as new Build Order

IMBAPlayer Terran 

Build Orders: Reaper Expand, Hellion Banshee, Banshee Rush 

Get SALT Encoding   

  12  0:00  SCV  
  13  0:13  SCV  
  14  0:18  Supply Depot  
  14  0:25  SCV  
  15  0:40  SCV  
  16  0:43  Barracks  
  16  0:48  Refinery  
  16  0:52  SCV  
  18  1:04  SCV  
  18  1:16  SCV  
  19  1:29  Orbital Command  
  19  1:31  Reaper  
  20  1:44  Command Center  
  20  1:56  SCV  
  21  2:02  Supply Depot  
  21  2:03  Marine  
  21  2:08  SCV  
  23  2:13  Factory  
  23  2:22  Refinery  
  23  2:24  SCV  
  23  2:26  Barracks Reactor  
  24  2:36  SCV  
  25  2:48  SCV  
  26  3:00  SCV, Starport  
  27  3:08  Orbital Command  
  27  3:12  SCV  
  28  3:16  Barracks Tech Lab  
  28  3:22  Hellion x2  
  28  3:24  SCV  
  33  3:31  Refinery  
  33  3:36  SCV  
  33  3:40  SCV  
  34  3:44  Hellion x2  
  38  3:48  SCV  
  38  3:49  Cloaking Field  
  38  3:52  Banshee, SCV  
  43  3:58  Supply Depot  
  43  4:00  SCV  
  44  4:04  SCV  
  44  4:07  Supply Depot  
  45  4:12  SCV  
  45  4:14  Barracks Tech Lab  
  46  4:19  SCV  
  46  4:23  Engineering Bay  
  50  4:25  SCV  
  50  4:27  Widow Mine x2  
  51  4:31  SCV  
  51  4:34  Refinery, Raven  
  51  4:37  SCV  
  55  4:44  SCV  
  56  4:48  Marine  
  56  4:49  SCV  
  55  4:58  Hellion x2, Missile Turret  
  52  5:13  SCV  
  49  5:16  Supply Depot  
  49  5:17  Banshee  
  49  5:20  Hellion x2  
  30  5:41  Hellion x2  
  23  5:58  SCV  
Show
View Real Time Build Order
Export as new Build Order

Wellmet Terran - Winner!

Build Orders: 1/1/1, Banshee Rush 

Get SALT Encoding   

  12  0:00  SCV  
  13  0:13  SCV  
  14  0:18  Supply Depot  
  14  0:24  Refinery  
  14  0:29  SCV  
  15  0:41  SCV  
  16  0:48  Barracks  
  16  0:53  SCV  
  17  1:05  SCV  
  18  1:17  SCV  
  19  1:22  Refinery  
  20  1:36  Factory  
  20  1:37  Orbital Command  
  19  1:43  Barracks Reactor  
  19  1:56  Supply Depot  
  19  2:03  SCV  
  20  2:15  SCV  
  21  2:21  Starport  
  21  2:22  Factory Tech Lab, Marine x2  
  23  2:27  SCV  
  24  2:31  Supply Depot  
  24  2:39  SCV  
  24  2:42  Marine  
  24  2:43  Marine  
  27  2:49  Factory Tech Lab  
  27  2:51  SCV  
  28  3:00  Marine  
  28  3:01  Marine  
  30  3:08  SCV  
  30  3:09  Siege Tank  
  30  3:11  Cloaking Field  
  34  3:20  Banshee  
  34  3:25  Supply Depot  
  36  3:29  SCV  
  37  3:37  Marine  
  37  3:38  Marine  
  37  3:39  Supply Depot  
  39  3:46  SCV  
  39  3:48  Siege Tank  
  43  3:55  Marine x2  
  45  4:02  Banshee  
  45  4:05  SCV  
  45  4:08  Supply Depot  
  49  4:13  Marine x2  
  51  4:23  Siege Tank  
  54  4:31  SCV  
  54  4:32  Marine x2  
  54  4:37  Supply Depot  
  57  4:42  Engineering Bay  
  57  4:47  Viking  
  57  4:52  Marine x2  
  61  4:55  SCV  
  60  5:06  Siege Tank  
  63  5:14  SCV  
  56  5:28  Marine x2  
  56  5:31  Viking  
  60  5:47  Command Center  
  63  5:53  Marine x2  
Tags
 
Add a new tag
Caveats
  • Supply blocks, unpowered buildings, or Contaminate may cause inaccurate times.
  • Supply counts are checked every 10 seconds.